 Dungeon Crawl Stone Soup version 0.26.1-11-gd32895ea62 (webtiles) character file.

Game seed: 886429202862789101

6441 DildoBatman the Artisan of Death (level 11, -7/79 HPs)
             Began as a Formicid Conjurer on July 22, 2021.
             Was a Priest of Kikubaaqudgha.
             Mangled by a boulder beetle (41 damage)
             ... on level 12 of the Dungeon.
             The game lasted 00:29:01 (7365 turns).

DildoBatman the Artisan of Death (FoCj)             Turns: 7365, Time: 00:29:01

Health: -7/79      AC:  8    Str: 11    XL:     11   Next: 18%
Magic:  31/32      EV: 12    Int: 19    God:    Kikubaaqudgha [***...]
Gold:   266        SH:  0    Dex: 12    Spells: 8/26 levels left

rFire    . . .     SeeInvis +   a - +4 long sword
rCold    . . .     Faith    .   (no shield)
rNeg     . . .     Spirit   .   q - +0 acid dragon scales
rPois    .         Reflect  .   (helmet unavailable)
rElec    .         Harm     .   (no cloak)
rCorr    +         Rampage  .   (no gloves)
Will     +....                  f - +0 pair of boots
Stlth    ++........             r - amulet of regeneration
HPRegen  0.63/turn              v - ring of magical power
MPRegen  0.23/turn              (no ring)

@: no status effects
A: permanent stasis, dig shafts and tunnels, four strong arms, antennae 3
a: Dig, Shaft Self, Renounce Religion, Receive Corpses


You were on level 12 of the Dungeon.
You worshipped Kikubaaqudgha.
Kikubaaqudgha was most pleased with you.
You visited 2 branches of the dungeon, and saw 13 of its levels.

You collected 458 gold pieces.
You spent 192 gold pieces at shops.

Inventory:

Hand Weapons
 a - a +4 long sword (weapon)
 e - a cursed +3 trident of freezing
 N - a +2 vorpal trident
Missiles
 c - 62 poisoned darts
 d - 221 stones
 h - 61 sling bullets
 k - 3 curare-tipped darts
 l - 80 bolts
 n - 7 atropa-tipped darts
 u - 157 arrows
 E - 8 boomerangs
Armour
 f - a +0 pair of boots (worn)
 q - +0 acid dragon scales (worn)
 J - a +2 robe of willpower
Magical Staves
 j - an uncursed staff of air
Jewellery
 g - an uncursed amulet of reflection
 r - an amulet of regeneration (around neck)
 v - a ring of magical power (left hand)
 G - an uncursed ring of ice
Wands
 H - a wand of acid (4)
 O - a wand of paralysis (7)
Scrolls
 s - 3 scrolls of enchant weapon
 w - 5 scrolls of amnesia
 x - 4 scrolls of remove curse
 y - 2 scrolls of enchant armour {unknown}
 z - 2 scrolls of identify
 B - 2 scrolls of fear
 C - a scroll of magic mapping
 I - 2 scrolls of fog {unknown}
 K - 2 scrolls of blinking {unknown}
 L - 4 scrolls of noise {unknown}
Potions
 b - 3 potions of curing
 i - 2 potions of berserk rage {unknown}
 m - 3 potions of flight
 o - a potion of magic {unknown}
 p - 2 potions of mutation {unknown}
 t - a potion of heal wounds {unknown}
 A - a potion of haste {unknown}
 D - a potion of lignification {unknown}
 F - 2 potions of resistance {unknown}
 M - a potion of brilliance {unknown}


   Skills:
 - Level 5.0 Fighting
 - Level 5.0 Armour
 - Level 3.0 Dodging
 - Level 2.4 Stealth
 - Level 8.0 Spellcasting
 - Level 6.0 Conjurations
 * Level 11.1 Necromancy
 * Level 0.9 Transmutations
 * Level 1.1 Earth Magic


You had 8 spell levels left.
You knew the following spells:

 Your Spells              Type           Power        Failure   Level
a - Searing Ray           Conj           60%          1%          2
b - Statue Form           Tmut/Erth      7%           100%        6
c - Magic Dart            Conj           100%         1%          1
d - Vampiric Draining     Necr           24%          1%          3
h - Dispel Undead         Necr           49%          1%          4
z - Sublimation of Blood  Necr           24%          1%          2

Your spell library contained the following spells:

 Spells                   Type           Power        Failure   Level
 Pain                     Necr           100%         1%          1
 Corpse Rot               Necr/Air       N/A          1%          2
 Animate Dead             Necr           24%          1%          4
 Excruciating Wounds      Necr           24%          3%          5
 Dazzling Flash           Conj/Hex       38%          12%         3
 Summon Small Mammal      Summ           28%          13%         1
 Call Imp                 Summ           7%           21%         2
 Death Channel            Necr           24%          22%         6
 Call Canine Familiar     Summ           7%           36%         3
 Summon Guardian Golem    Hex/Summ       7%           36%         3
 Fulminant Prism          Conj/Hex       9%           36%         4
 Iskenderun's Mystic Bla  Conj/Tloc      19%          36%         4
 Irradiate                Conj/Tmut      10%          65%         5
 Summon Ice Beast         Ice/Summ       7%           78%         4
 Summon Lightning Spire   Summ/Air       7%           78%         4
 Simulacrum               Ice/Necr       14%          91%         6
 Hydra Form               Tmut           5%           100%        6
 Dragon Form              Tmut           5%           100%        7


Dungeon Overview and Level Annotations

Branches:
Dungeon (13/15)            Temple (1/1) D:4            Lair (0/6) D:8
    Orc: D:9-12      Vaults: D:13-14

Altars:
Ashenzari
Cheibriados
Dithmenos
Elyvilon
Fedhas
Gozag
Hepliaklqana
Kikubaaqudgha
Makhleb
Nemelex Xobeh
Okawaru
Qazlal
Ru
Sif Muna
Trog
Uskayaw
Vehumet
Wu Jian
Xom
Yredelemnul
Zin
The Shining One

Shops:
D:4 ([[?(

Portals:
Bailey: D:12

Annotations:
D:8 2 exclusions


Innate Abilities, Weirdness & Mutations

You cannot be hasted, slowed, berserked, paralysed or teleported.
You can dig through walls and to a lower floor.
Your four strong arms can wield two-handed weapons with a shield.
You have a pair of large antennae on your head. (SInv)


Message History

Aim: a bullfrog zombie (severely damaged, 13% to evade)
The searing ray hits the bullfrog zombie!
The bullfrog zombie is almost destroyed. (Press . to maintain the ray.)
The bullfrog zombie barely misses you.
The searing ray hits the bullfrog zombie!
You destroy the bullfrog zombie!
Kikubaaqudgha accepts your kill.
A hornet and a boulder beetle come into view.
The hornet moves out of view.
The boulder beetle curls into a ball and begins rolling!
The boulder beetle hits you!!!
Ouch! That really hurt!
The boulder beetle stops rolling and uncurls.
You hear a horrible gurgling sound!
The boulder beetle curls into a ball and begins rolling!
The boulder beetle hits you!!!
Ouch! That really hurt!
You die...
Kikubaaqudgha rasps: "You have failed me!
Welcome... death!"

*,,,,,,,,*#8...∩...8##.##>..#*,,*
*,,,,,,,,*#.........##.##...#**,*
*,,,,,,,,##.........†..#....##*,,
******,**#..8.....8.##.......###,
*.**#..........##..........*
*,.,#.....8....##........#.#
**#.#......†..###...........
#.#.....<##<......#..###..
#.....†○B@...##......#**..
*##.$.°....†.†.......#*,,.
##..°...####........#....
#.......# #........!...#
#.......# #B.........###
####..######**#..........#*
##.....# **.......[..?...#*
#..#...# *..#.......#$....>
##.##.### #.*#...........##.


You could see a boulder beetle.

Vanquished Creatures
  Pikel (D:8)
  A cyclops (D:8)
  Maggie (D:6)
  Grinder (D:6)
  3 yaks (D:9)
  3 wyverns
  A steam dragon (D:9)
  Menkaure (D:5)
  2 water moccasins (D:8)
  6 black bears
  An orc warrior (D:9)
  A sky beast (D:8)
  3 ice beasts (D:7)
  3 ogres
  A necrophage (D:5)
  2 centaurs
  A lemure (D:8)
  A big kobold (D:8)
  Blork the orc (D:6)
  7 bullfrogs
  3 scorpions
  6 killer bees (D:7)
  4 wights (D:8)
  A crimson imp (D:5)
  A bullfrog zombie (D:12)
  A bullfrog skeleton (D:7)
  3 orc priests
  7 hounds
  2 jellies
  A gnoll shaman (D:6)
  2 iguanas
  Natasha (thrice) (D:4)
  5 orc wizards
  7 worker ants
  2 killer bee zombies
  A worker ant zombie (D:5)
  5 gnolls (D:6)
  6 adders
  3 white imps
  2 ufetubi
  5 oozes
  An adder skeleton (D:5)
  An adder zombie (D:5)
  A worm (D:4)
  5 dart slugs
  3 leopard geckos
  17 orcs
  5 giant cockroaches
  7 goblins
  3 hobgoblins
  2 jackals (D:1)
  5 quokkas
  6 bats
  3 frilled lizards
  9 kobolds
  A leopard gecko skeleton (D:7)
  2 quokka zombies (D:7)
  8 rats
190 creatures vanquished.

Vanquished Creatures (others)
  44 fungi (D:8)
  47 plants (D:8)
91 creatures vanquished.

Grand Total: 281 creatures vanquished

Notes
Turn   | Place    | Note
-------+----------+-------------------------------------------
     0 | D:1      | DildoBatman the Formicid Conjurer began the quest for the
                  | Orb.
     0 | D:1      | Reached XP level 1. HP: 13/13 MP: 3/3
   156 | D:1      | Reached XP level 2. HP: 16/19 MP: 1/5
   159 | D:1      | Learned a level 2 spell: Searing Ray
   257 | D:1      | Reached XP level 3. HP: 24/24 MP: 1/6
   700 | D:2      | Reached XP level 4. HP: 30/30 MP: 1/7
   829 | D:2      | Reached skill level 5 in Conjurations
   931 | D:2      | Reached XP level 5. HP: 28/35 MP: 2/8
   983 | D:2      | Found a snail-covered altar of Cheibriados.
  1322 | D:3      | Found a sacrificial altar of Ru.
  1756 | D:4      | Noticed an ogre
  1813 | D:3      | Killed an ogre
  1814 | D:3      | Reached skill level 1 in Fighting
  1814 | D:3      | Reached skill level 1 in Armour
  1814 | D:3      | Reached XP level 6. HP: 25/43 MP: 0/10
  1917 | D:4      | Found a sparkling altar of Nemelex Xobeh.
  1923 | D:4      | Found a hazy altar of Hepliaklqana.
  1924 | D:4      | Found a stormy altar of Qazlal.
  2145 | D:4      | Found Guadax's Weapon Shop.
  2231 | D:4      | Noticed an ogre
  2252 | D:4      | Killed an ogre
  2260 | D:4      | Found Miptosaxecs's Armour Emporium.
  2323 | D:4      | Reached XP level 7. HP: 50/50 MP: 4/12
  2419 | D:4      | Found a staircase to the Ecumenical Temple.
  2425 | Temple   | Entered the Ecumenical Temple
  2488 | Temple   | Became a worshipper of Kikubaaqudgha
  2651 | D:4      | Found Doigod's Weapon Shop.
  2673 | D:4      | Reached skill level 5 in Spellcasting
  2673 | D:4      | Found Goinguef's Antique Armour Shop.
  2735 | D:4      | Found Gaekhl Migh's Magic Scroll Shop.
  2740 | D:4      | Bought a scroll of identify for 24 gold pieces
  2740 | D:4      | Bought a scroll of identify for 24 gold pieces
  2740 | D:4      | Bought a scroll of identify for 24 gold pieces
  2740 | D:4      | Bought a scroll of magic mapping for 42 gold pieces
  2740 | D:4      | Bought a scroll of remove curse for 36 gold pieces
  2740 | D:4      | Bought a scroll of fear for 42 gold pieces
  2829 | D:4      | Noticed Natasha
  2843 | D:4      | Killed Natasha
  2916 | D:4      | Noticed Natasha
  2921 | D:4      | Killed Natasha
  3050 | D:4      | Noticed Natasha
  3054 | D:4      | Killed Natasha
  3090 | D:5      | Entered Level 5 of the Dungeon
  3193 | D:5      | Reached skill level 1 in Necromancy
  3214 | D:5      | Reached XP level 8. HP: 56/56 MP: 9/16
  3247 | D:5      | Noticed Menkaure
  3258 | D:5      | Found a broken altar of Ashenzari.
  3344 | D:5      | Reached skill level 2 in Necromancy
  3511 | D:5      | Found a burning altar of Makhleb.
  3800 | D:5      | Reached skill level 3 in Necromancy
  3900 | D:5      | Killed Menkaure
  3950 | D:6      | Found a stormy altar of Qazlal.
  4071 | D:6      | Noticed Maggie
  4092 | D:6      | Killed Maggie
  4093 | D:6      | Reached skill level 5 in Necromancy
  4093 | D:6      | Reached XP level 9. HP: 51/61 MP: 5/19
  4118 | D:6      | Noticed Blork the orc
  4246 | D:6      | Killed Blork the orc
  4383 | D:6      | Noticed Grinder
  4419 | D:6      | Killed Grinder
  4420 | D:6      | Reached skill level 6 in Necromancy
  4431 | D:6      | Found Hywat's General Store.
  4453 | D:6      | Reached skill level 7 in Necromancy
  4489 | D:6      | Reached * piety under Kikubaaqudgha
  4489 | D:6      | Identified Kikubaaqudgha's Grimoire of Black Rituals
                  | (Kikubaaqudgha gifted it to you on level 6 of the Dungeon)
  4489 | D:6      | Received a gift from Kikubaaqudgha
  4502 | D:6      | Learned a level 3 spell: Vampiric Draining
  4505 | D:6      | Learned a level 2 spell: Sublimation of Blood
  4754 | D:7      | Reached skill level 8 in Necromancy
  4870 | D:7      | Found a blossoming altar of Fedhas.
  5021 | D:7      | Reached skill level 9 in Necromancy
  5055 | D:7      | Reached XP level 10. HP: 62/70 MP: 4/20
  5253 | D:8      | Noticed a cyclops
  5362 | D:8      | Killed a cyclops
  5419 | D:8      | Reached ** piety under Kikubaaqudgha
  5420 | D:8      | Reached skill level 5 in Fighting
  5420 | D:8      | Reached skill level 5 in Armour
  5446 | D:8      | Noticed Pikel
  5467 | D:8      | Killed Pikel
  5538 | D:8      | Found a staircase to the Lair.
  6261 | D:9      | Reached skill level 10 in Necromancy
  6355 | D:9      | Reached XP level 11. HP: 49/79 MP: 23/23
  6364 | D:9      | Reached *** piety under Kikubaaqudgha
  6364 | D:9      | Identified Kikubaaqudgha's Compendium of Evil Arts
                  | (Kikubaaqudgha gifted it to you on level 9 of the Dungeon)
  6364 | D:9      | Received a gift from Kikubaaqudgha
  6373 | D:9      | Learned a level 4 spell: Dispel Undead
  6626 | D:9      | Found a shadowy altar of Dithmenos.
  6820 | D:9      | Reached skill level 11 in Necromancy
  6843 | D:9      | Learned a level 6 spell: Statue Form
  7225 | D:10     | Entered Level 10 of the Dungeon
  7241 | D:10     | Noticed a two-headed ogre
  7279 | D:10     | You fall into a shaft and drop 3 floors!
  7292 | D:12     | Found a flagged portal.
  7337 | D:12     | Reached skill level 1 in Earth Magic
  7351 | D:12     | Noticed a boulder beetle
  7365 | D:12     | Mangled by a boulder beetle

Illustrated notes

Levels and vault maps discovered:
D:1:      lightli_arrival_statuegarden, layout_rooms
D:2:      layout_basic, lemuel_crystal_altar
D:3:      layout_loops_ring, nicolae_ru_sacrificial_ziggurat, corexii_shack
D:4:      layout_loops_corners, minitemple, minmay_temple_entry_tees,
          serial_shops, kennysheep_mini_moat, shop, nicolae_shop_statue_plus,
          kennysheep_mini, kennysheep_little_box, uniq_natasha
D:5:      black_bear_nest_1, layout_loops_ring, makhleb_grotto_becter,
          ashenzari_altar_1, uniq_menkaure
D:6:      layout_gridville, serial_shops, shop, grunt_decor_junction,
          amethyst_killhole, grunt_qazlal_sundering, uniq_grinder, uniq_maggie,
          uniq_blork_the_orc
D:7:      layout_rooms, fedhas_ov_isle_minmay
D:8:      layout_loops_ring, due_lair_maze_entry_diamond, dk_rats_in_the_wall,
          uniq_pikel
D:9:      layout_basic, nicolae_dithmenos_the_darkroom
D:10:     layout_roguey, orc_0_dummy, serial_shops, shop,
          small_chamber_with_monster, serial_bayou_pond_e
D:12:     layout_rooms, enter_bailey_6, uniq_nessos
D:13:     emtedronai_trogs_sanctum, layout_basic, serial_shops, shop,
          nicolae_shop_window_shopping
Temple:   nicolae_temple_x_marks_the_god

Skill      XL: |  1  2  3  4  5  6  7  8  9 10 11 |
---------------+----------------------------------+-----
Conjurations   | 4 5 6 |  6.0
Fighting       | 1 2 3 5 |  5.0
Armour         | 1 2 5 |  5.0
Spellcasting   | 3 5 7 8 |  8.0
Necromancy     | 1 5 9 10 11 | 11.1
Dodging        | 3 |  3.0
Earth Magic    | 1 |  1.1
Stealth        | |  2.4
Transmutations | |  0.9

Action                   |  1- 3 |  4- 6 |  7- 9 | 10-12 || total
-------------------------+-------+-------+-------+-------++-------
Melee: Unarmed           |    19 |       |       |       ||    19
       Short sword       |    24 |    28 |     7 |       ||    59
       Falchion          |       |       |    18 |    25 ||    43
       Long sword        |       |       |       |    13 ||    13
 Cast: Magic Dart        |     6 |     7 |    11 |     1 ||    25
       Searing Ray       |    11 |    21 |    62 |    51 ||   145
       Sublimation of Bl |       |       |     6 |     2 ||     8
       Vampiric Draining |       |       |       |     3 ||     3
 Abil: Dig               |     3 |     6 |    18 |     5 ||    32
  Use: Scroll            |       |       |     5 |     5 ||    10
 Stab: Sleeping          |     2 |       |       |       ||     2
Armor: Robe              |    14 |    13 |    10 |       ||    37
       Acid dragon scale |       |       |    14 |    43 ||    57
Dodge: Dodged            |    39 |    46 |    46 |    89 ||   220
       Rpst.: Falchion   |       |       |     9 |    12 ||    21
       Long sword        |       |       |       |    10 ||    10
